 Dungeon Crawl Stone Soup version 0.29-a0-25-g7f48f510a0 (webtiles) character file.

Game seed: 4625831766200119247

32 lunkers the Digger (level 2, -1/20 HPs)
             Began as a Demigod Earth Elementalist on Jan 31, 2022.
             Slain by a quokka (2 damage)
             ... on level 2 of the Dungeon.
             The game lasted 00:02:54 (1816 turns).

lunkers the Digger (Demigod Earth Elementalist)     Turns: 1816, Time: 00:02:54

Health: -1/20      AC:  2    Str:  9    XL:     2   Next: 96%
Magic:  7/7        EV: 12    Int: 17    God:
Gold:   43         SH:  0    Dex: 14    Spells: 2/5 levels left

rFire   . . .      SeeInvis .   c - +0 dagger
rCold   . . .      Faith    .   (no shield)
rNeg    . . .      Spirit   .   b - +0 robe
rPois   .          Reflect  .   (no helmet)
rElec   .          Harm     .   (no cloak)
rCorr   .          Rampage  .   (no gloves)
Will    .....                   (no boots)
Stlth   ++........              (no amulet)
HPRegen 0.06/turn               (no ring)
MPRegen 0.10/turn               (no ring)

@: no status effects
A: high MP 1, forlorn, divine attributes
a: no special abilities


You were on level 2 of the Dungeon.
You visited 1 branch of the dungeon, and saw 2 of its levels.

You collected 43 gold pieces.

Inventory:

Hand Weapons
 c - a +0 dagger (weapon)
Armour
 b - a +0 robe (worn)
Jewellery
 f - a ring of resist corrosion
Scrolls
 g - a scroll of enchant weapon {unknown}
 h - a scroll of teleportation {unknown}
Potions
 a - a potion of ambrosia {unknown}
 d - a potion of mutation {unknown}
 e - a potion of heal wounds {unknown}


   Skills:
 - Level 1.7 Dodging
 - Level 1.7 Stealth
 + Level 2.2 Spellcasting
 - Level 0.8 Transmutations
 * Level 3.5 Earth Magic


You had 2 spell levels left.
You knew the following spells:

 Your Spells              Type           Power      Damage    Failure   Level
a - Sandblast             Erth           28%        2d8       4%          1
b - Passwall              Tmut/Erth      7%         N/A       12%         2

Your spell library contained the following spells:

 Spells                   Type           Power      Damage    Failure   Level
 Stone Arrow              Conj/Erth      14%        3d7       26%         3
 Petrify                  Tmut/Erth      9%         N/A       58%         4


Dungeon Overview and Level Annotations

Branches:
Dungeon (2/15)


Innate Abilities, Weirdness & Mutations

You have an increased reservoir of magic. (+10% MP)
You shall have no god before yourself.
Your divine heritage dramatically boosts your attributes as you level up.


Message History

The quokka barely misses you.
You hit the quokka.
The quokka is severely wounded.
The quokka bites you. The endoplasm hits you.
You barely miss the quokka.
The quokka is severely wounded.
The quokka misses you. The endoplasm barely misses you.
You closely miss the quokka.
The quokka is severely wounded.
The quokka bites you but does no damage.
The endoplasm closely misses you.
You hit the quokka but do no damage.
The quokka is severely wounded.
The quokka barely misses you. The endoplasm freezes you.
You are frozen.
The quokka bites you.
* * * LOW HITPOINT WARNING * * *
You hit the quokka but do no damage.
The quokka is severely wounded.
The quokka bites you.
* * * LOW HITPOINT WARNING * * *
The endoplasm hits you.
* * * LOW HITPOINT WARNING * * *
You hit the quokka but do no damage.
The quokka is severely wounded.
The quokka closely misses you. The endoplasm freezes you.
You are frozen.
* * * LOW HITPOINT WARNING * * *
You barely miss the quokka.
The quokka is severely wounded.
The quokka bites you.
* * * LOW HITPOINT WARNING * * *
The endoplasm freezes you.
You are frozen.
* * * LOW HITPOINT WARNING * * *
You hit the quokka but do no damage.
The quokka is severely wounded.
The quokka bites you.
You die...

# # ########
#######......###############
......>....................#
#####.######..#######......#
# #.### #..# ##.###..# #
##)..## #..######...## .# #
#.....###..#.........#.
#......[...#r@..........#
##.....###..#.J...........
#...........#..............
#.#....##...#...........##.
#†##.#.##...#..........##
#.##.#.##...#........>##
#....#.##...##.#.#.....#
#....#.##...........##.#
#....#.##.#.##.#.#


You could see an endoplasm and a quokka.

Vanquished Creatures
  4 bats (D:1)
  6 endoplasms (D:1)
  2 giant cockroaches (D:1)
  A goblin (D:1)
  3 hobgoblins
  A quokka (D:2)
  6 ball pythons (D:1)
  3 frilled lizards
  A kobold (D:1)
  2 rats (D:1)
29 creatures vanquished.

Notes
Turn   | Place    | Note
-------+----------+-------------------------------------------
     0 | D:1      | lunkers the Demigod Earth Elementalist began the quest for
                  | the Orb.
     0 | D:1      | Reached XP level 1. HP: 14/14 MP: 5/5
   161 | D:1      | Reached skill level 3 in Earth Magic
   414 | D:1      | Reached XP level 2. HP: 20/20 MP: 5/7
   557 | D:1      | Learned a level 2 spell: Passwall
  1815 | D:2      | HP: 1/20 [frozen (2)]
  1816 | D:2      | Slain by a quokka

Illustrated notes

Levels and vault maps discovered:
D:1:      dpeg_arrival_tiny_c, layout_loops_corners, kennysheep_minor_cross
D:2:      layout_loops_ring, ebering_ecumenical_altar_abandoned, minivault_4,
          minmay_ruptured, uniq_jessica

Skill      XL: |  1 |
---------------+----+-----
Earth Magic    | 3 |  3.5
Spellcasting   | 2 |  2.2
Dodging        | |  1.7
Stealth        | |  1.7
Transmutations | |  0.8

Action                   || total
-------------------------++-------
Melee: Dagger            ||    37
 Cast: Sandblast         ||    30
 Stab: Sleeping          ||     1
Armor: Robe              ||     7
Dodge: Dodged            ||    24

Table legend: (Time is in decaauts)
 A = Elapsed time spent in this place.
 B = Non-inter-level travel time spent in this place.
 C = Inter-level travel time spent in this place.
 D = Time resting spent in this place.
 E = Time spent auto-exploring this place.
 F = Levels seen in this place.
 G = Mean time per level.
                   A        B        C        D        E       F      G
               +--------+--------+--------+--------+--------+-----+--------+
         Total |   1817 |   1759 |     58 |    342 |   1166 |   2 |  908.5 |
       Dungeon |   1817 |   1759 |     58 |    342 |   1166 |   2 |  908.5 |
               +--------+--------+--------+--------+--------+-----+--------+

Top non-repeatable levels by time:
     D:1: 1388 daAuts
     D:2: 428 daAuts
